 Dungeon Crawl Stone Soup version 0.32-a0-41-gec2d92a32c (webtiles) character file.

Game seed: 17169930917087913093

102 cforsyth the Magician (level 5, -1/37 (40) HPs)
             Began as a Djinni Reaver on Jan 26, 2024.
             Slain by an orc
             ... wielding a +0 hand axe
              (3 damage)
             ... on level 3 of the Dungeon.
             The game lasted 00:03:18 (1902 turns).

cforsyth the Magician (Djinni Reaver)               Turns: 1902, Time: 00:03:18

HP:   -1/37 (40)    AC:  5    Str:  9 (11) XL:     5   Next: 6%
Gold: 142           EV: 11    Int: 16 (17) God:
                    SH:  0    Dex:  9 (11)

rFire   + + +        i - +1 dagger (freeze)
rCold   . . .        (no shield)
rNeg    . . .        h - +1 leather armour {rF+}
rPois   ∞            f - +0 helmet
rElec   +            (no cloak)
rCorr   +            (no gloves)
SInv    .            (boots unavailable)
Will    .....        (no amulet)
Stlth   +            (no ring)
HPRegen 0.26/turn    (no ring)
MPRegen 0.00/turn

%: infuse magic (-2 HP)
@: resistant, flying, drained, invisible
A: sickness immunity, fire resistance 2, cold vulnerability 1, float, innate
caster, HP casting, extra vitality 1
a: no special abilities


You were on level 3 of the Dungeon.
You visited 1 branch of the dungeon, and saw 3 of its levels.

You collected 142 gold pieces.

Inventory:

Hand Weapons
 a - a +0 short sword
 i - a +1 dagger of freezing (weapon)
Armour
 b - a +0 leather armour
 f - a +0 helmet (worn)
 h - a +1 leather armour of fire resistance (worn)
Scrolls
 c - 4 scrolls of identify {unknown}
 d - a scroll of teleportation {unknown}
 j - a scroll of fog {unknown}
 m - a scroll of poison {unknown}
 p - a scroll of blinking {unknown}
 r - a scroll of fear {unknown}
Potions
 n - a potion of ambrosia {unknown}
 o - a potion of might {unknown}
 q - a potion of curing {unknown}


   Skills:
 + Level 3.4 Fighting
 - Level 2.9 Short Blades
 - Level 2.5 Dodging
 + Level 3.6 Spellcasting
 + Level 3.6 Conjurations
 + Level 3.6 Hexes
 + Level 3.6 Summonings
 + Level 3.6 Necromancy
 + Level 3.6 Translocations
 + Level 3.6 Fire Magic
 + Level 3.6 Ice Magic
 + Level 3.6 Air Magic
 + Level 3.6 Earth Magic
 + Level 3.6 Alchemy


You knew the following spells:

 Your Spells              Type           Power      Damage    Failure   Level
a - Kiss of Death         Conj/Necr      56%        2d9       5%          1
b - Momentum Strike       Conj/Tloc      28%        3d8       9%          2
c - Hailstorm             Conj/Ice       14%        3d6       17%         3
d - Slow                  Hex            56%        N/A       5%          1
e - Scorch                Fire           28%        2d6       9%          2
Your spell library was empty.

Dungeon Overview and Level Annotations

Branches:
Dungeon (3/15)

Altars:

Shops:
D:1 =


Innate Abilities, Weirdness & Mutations

You are immune to sickness and miasma.
You are immune to poison.
Your flesh is very heat resistant. (rF++)
You are vulnerable to cold. (rC-)
You float through the air rather than walking.
You learn spells naturally, not from books.
Your magical power is your life essence.
You have superior vitality. (+4 MHP)


Message History

The orc is severely wounded.
The orc's fire resistance burns away.
* * * LOW HITPOINT WARNING * * *
Casting: Scorch (safe; 8% risk of failure)
Confirm with . or Enter, or press ? or * to list all spells.
Flames lash the orc.
The orc is burned terribly!
You kill the orc!
* * * LOW HITPOINT WARNING * * *
Casting: Scorch (safe; 8% risk of failure)
Confirm with . or Enter, or press ? or * to list all spells.
Flames lash the orc but do no damage.
* * * LOW HITPOINT WARNING * * *
The orc hits you with a +0 hand axe.
* * * LOW HITPOINT WARNING * * *
Casting: Scorch (safe; 8% risk of failure)
Confirm with . or Enter, or press ? or * to list all spells.
Flames lash the orc.
The orc is heavily wounded.
The orc's fire resistance burns away.
* * * LOW HITPOINT WARNING * * *
Casting: Scorch (safe; 8% risk of failure)
Confirm with . or Enter, or press ? or * to list all spells.
You don't know that spell.
It was a potion of cancellation.
You feel magically purged. The orc hits you but does no damage.
It was a potion of resistance.
You feel protected. The orc barely misses you.
The orc hits you with a +0 hand axe.
* * * LOW HITPOINT WARNING * * *
It was a potion of degeneration.
There was something very wrong with that liquid.
You feel weakened.
You feel dopey.
You feel clumsy.
The orc is no longer more vulnerable to fire.
The orc hits you with a +0 hand axe.
* * * LOW HITPOINT WARNING * * *
The orc barely misses you.
It was a potion of invisibility.
You fade into invisibility!
The orc hits you with a +0 hand axe.
You die...

.#### #.......#
## #########
############
######.)........#
#....|..........#
#.####..........#
####..#
#...@o.....#
###.....#
#####o######
###.>.#.#.# #).)#
........#.# #.###
.†...####.. #o
.##### ### #.
...... .o #+####
.. ##.


You could see 2 orcs.

Vanquished Creatures
  A bombardier beetle (D:3)
  An orc priest (D:3)
  A ribbon worm (D:2)
  2 orcs (D:3)
  4 endoplasms
  A giant cockroach (D:2)
  3 goblins
  3 hobgoblins (D:1)
  4 kobolds
  3 quokkas
  2 ball pythons (D:2)
  5 bats (D:1)
  A frilled lizard (D:2)
  11 rats
42 creatures vanquished.

Notes
Turn   | Place    | Note
-------+----------+-------------------------------------------
     0 | D:1      | cforsyth the Djinni Reaver began the quest for the Orb.
     0 | D:1      | cforsyth set off with the following spells memorised: Kiss
                  | of Death, Momentum Strike, Hailstorm.
     0 | D:1      | Reached XP level 1. HP: 18/18 MP: 0/0
   330 | D:1      | Reached XP level 2. HP: 17/17 MP: 0/0
   721 | D:1      | Found Kiacac's Jewellery Emporium.
  1059 | D:1      | Reached XP level 3. HP: 15/26 MP: 0/0
  1059 | D:1      | Learned a level 1 spell: Slow
  1858 | D:3      | Reached XP level 4. HP: 35/35 MP: 0/0
  1894 | D:3      | Reached XP level 5. HP: 13/37 MP: 0/0
  1894 | D:3      | Learned a level 2 spell: Scorch
  1902 | D:3      | Slain by an orc

Illustrated notes

Levels and vault maps discovered:
D:1:      heliophobic_arrival_dark_side_of_the_moon, layout_loops_corners,
          serial_rivers, chequers_serial_rivers_micro_a,
          chequers_serial_rivers_micro_e, chequers_serial_rivers_room_a,
          chequers_serial_rivers_micro_c, serial_shops, shop, minmay_octomino_j4
D:2:      layout_rooms, serial_bayou, serial_bayou_crossing,
          serial_bayou_lake_a, serial_bayou_pond_b, serial_bayou_pond_e
D:3:      minmay_chambers_of_threes, layout_rooms,
          gammafunk_ghost_nasty_kobolds, hex_medium, dk_noncrumbling_4

Skill      XL: |  1  2  3 |
---------------+----------+-----
Spellcasting   | 3 |  3.6
Conjurations   | 3 |  3.6
Hexes          | 3 |  3.6
Summonings     | 3 |  3.6
Necromancy     | 3 |  3.6
Translocations | 3 |  3.6
Fire Magic     | 3 |  3.6
Ice Magic      | 3 |  3.6
Air Magic      | 3 |  3.6
Earth Magic    | 3 |  3.6
Alchemy        | 3 |  3.6
Fighting       | 3 |  3.4
Short Blades   | |  2.9
Dodging        | |  2.5

Action                     |  1- 3 |  4- 6 || total
---------------------------+-------+-------++-------
  Melee: Short sword       |    88 |       ||    88
         Dagger            |    75 |     6 ||    81
         Punch             |     2 |       ||     2
   Cast: Kiss of Death     |     2 |     1 ||     3
         Momentum Strike   |     2 |       ||     2
         Hailstorm         |       |     1 ||     1
         Scorch            |       |     4 ||     4
    Use: Potion            |       |     4 ||     4
   Stab: Sleeping          |     1 |       ||     1
 Armour: Leather armour    |    75 |    11 ||    86
  Dodge: Dodged            |    71 |     4 ||    75

Table legend: (Time is in decaauts)
 A = Elapsed time spent in this place.
 B = Non-inter-level travel time spent in this place.
 C = Inter-level travel time spent in this place.
 D = Time resting spent in this place.
 E = Time spent auto-exploring this place.
 F = Levels seen in this place.
 G = Mean time per level.
                   A        B        C        D        E       F      G
               +--------+--------+--------+--------+--------+-----+--------+
         Total |   1876 |   1798 |     78 |      0 |   1461 |   3 |  625.3 |
       Dungeon |   1876 |   1798 |     78 |      0 |   1461 |   3 |  625.3 |
               +--------+--------+--------+--------+--------+-----+--------+

Top non-repeatable levels by time:
     D:1: 1165 daAuts
     D:2: 570 daAuts
     D:3: 139 daAuts
